 Dungeon Crawl Stone Soup version 0.29.1-14-g9c671dbff4 (webtiles) character file.

Game seed: 4041008240561267617

1781 anonymouscript the Covert (level 9, 0/52 HPs)
             Began as a Kobold Brigand on Feb 16, 2023.
             Was an Initiate of Dithmenos.
             Killed by divine providence
             ... invoked by an orc priest
              (14 damage)
             ... on level 6 of the Dungeon on Feb 17, 2023.
             The game lasted 00:29:11 (6640 turns).

anonymouscript the Covert (Kobold Brigand)          Turns: 6640, Time: 00:29:12

Health: 0/52       AC:  4    Str:  8 (9)  XL:     9   Next: 29%
Magic:  9/9        EV: 17    Int: 11 (12) God:    Dithmenos [......]
Gold:   192        SH:  0    Dex: 19 (20) Spells: 8/8 levels left

rFire   . . .      SeeInvis .   a - +2 dagger
rCold   . . .      Faith    .   (no shield)
rNeg    + . .      Spirit   .   b - +0 robe
rPois   .          Reflect  .   j - +0 helmet
rElec   .          Harm     .   m - scarf {+Inv}
rCorr   .          Rampage  .   (no gloves)
Will    .....                   v - +0 pair of boots
Stlth   ++++++....              u - amulet of the acrobat
HPRegen 0.17/turn               t - ring of wizardry
MPRegen 0.11/turn               w - ring of positive energy

@: no status effects
A: small, no large weapons, nightstalker 3
a: Renounce Religion, Evoke Invisibility


You were on level 6 of the Dungeon.
You worshipped Dithmenos.
Dithmenos was noncommittal.
You visited 2 branches of the dungeon, and saw 8 of its levels.

You collected 332 gold pieces.
You spent 140 gold pieces at shops.

Inventory:

Hand Weapons
 a - a +2 dagger (weapon)
 y - a +0 long sword
 F - a +1 whip of flaming
Missiles
 d - 10 poisoned darts
 e - 3 curare-tipped darts
 l - 20 stones
 o - 3 boomerangs of dispersal
 x - 4 boomerangs
Armour
 b - a +0 robe (worn)
 c - a +0 cloak
 j - a +0 helmet (worn)
 m - a scarf of invisibility (worn)
 v - a +0 pair of boots (worn)
 B - +0 acid dragon scales
Jewellery
 t - a ring of wizardry (left hand)
 u - an amulet of the acrobat (around neck)
 w - a ring of positive energy (right hand)
Wands
 f - a wand of polymorph (7)
 A - a wand of roots (6)
Scrolls
 h - a scroll of blinking
 i - a scroll of noise {unknown}
 k - a scroll of fog {unknown}
 r - a scroll of fear {unknown}
 s - a scroll of enchant armour {unknown}
 z - a scroll of vulnerability {unknown}
 D - a scroll of immolation {unknown}
 E - a scroll of teleportation
Potions
 g - 5 potions of attraction
 n - 2 potions of brilliance {unknown}
 p - 3 potions of degeneration
 q - 2 potions of might
 C - a potion of curing


   Skills:
 + Level 4.2 Fighting
 + Level 7.5 Short Blades
 + Level 3.7 Throwing
 + Level 5.1 Dodging
 + Level 11.8 Stealth
 + Level 2.8 Evocations


You had 8 spell levels left.
You didn't know any spells.
Your spell library contained the following spells:

 Spells                   Type           Power      Damage    Failure   Level
 Dispersal                Tloc           0%         N/A       100%        6
 Disjunction              Tloc           0%         N/A       100%        8


Dungeon Overview and Level Annotations

Branches:
Dungeon (7/15)             Temple (1/1) D:6

Altars:
Ashenzari
Cheibriados
Dithmenos
Elyvilon
Fedhas
Gozag
Hepliaklqana
Kikubaaqudgha
Makhleb
Nemelex Xobeh
Okawaru
Qazlal
Ru
Sif Muna
Trog
Uskayaw
Vehumet
Wu Jian
Xom
Yredelemnul
Zin
The Shining One

Shops:
D:3 *   D:6 :


Innate Abilities, Weirdness & Mutations

You are small and have problems with some larger weapons.
You are completely attuned to the shadows.


Message History

The orc priest hits you with a +0 flail.
You hit the orc priest but do no damage.
The orc priest is almost dead.
The orc priest completely misses you. The orc priest blocks your attack.
The orc priest is almost dead.
You hit the orc priest but do no damage.
The orc priest is almost dead.
The orc priest closely misses you. The orc priest blocks your attack.
The orc priest is almost dead.
The orc priest barely misses you. The orc priest blocks your attack.
The orc priest is almost dead.
You hit the orc priest but do no damage.
The orc priest is almost dead.
The orc priest misses you. The orc priest blocks your attack.
The orc priest is almost dead.
The orc priest blocks your attack.
The orc priest is almost dead.
The orc priest hits you with a +0 flail!
You hit the orc priest but do no damage.
The orc priest is almost dead.
The orc priest hits you with a +0 flail.
* * * LOW HITPOINT WARNING * * *
The orc priest blocks your attack.
The orc priest is almost dead.
You hit the orc priest but do no damage.
The orc priest is almost dead.
The orc priest hits you with a +0 flail!
* * * LOW HITPOINT WARNING * * *
The orc priest blocks your attack.
The orc priest is almost dead.
The orc priest hits you with a +0 flail.
* * * LOW HITPOINT WARNING * * *
You feel better.
The orc priest invokes the aid of Beogh against you.
Beogh smites you!
You die...

...# #.<...
#### #.....
#.....
###.....
#.......
##......
#####.#.##.
#..o#.#.#
#.#@#.#.#
.........#
.......###
#......#
.......#
......#
.oo...###
..#......
........


You could see an orc priest (reflecting).

Vanquished Creatures
  Pikel (D:6)
  Maggie (D:6)
  Grinder (D:4)
  2 ogres
  A lemure (D:6)
  A phantom (D:4)
  A necrophage (D:5)
  3 hounds
  3 orc priests
  Ijyb (D:3)
  An iguana (D:4)
  2 orc wizards
  6 adders
  A shadow imp (D:4)
  2 white imps (D:6)
  3 ufetubi
  4 worms
  6 dart slugs
  14 orcs
  7 bats
  6 endoplasms
  3 giant cockroaches
  9 hobgoblins
  5 jackals
  10 kobolds
  5 quokkas
  10 ball pythons
  3 frilled lizards
  5 goblins
  4 rats (D:1)
121 creatures vanquished.

Notes
Turn   | Place    | Note
-------+----------+-------------------------------------------
     0 | D:1      | anonymouscript the Kobold Brigand began the quest for the
                  | Orb.
     0 | D:1      | Reached XP level 1. HP: 12/12 MP: 1/1
    86 | D:1      | Reached XP level 2. HP: 13/18 MP: 2/2
   234 | D:1      | Reached skill level 6 in Stealth
   308 | D:1      | Reached XP level 3. HP: 22/22 MP: 3/3
  1002 | D:2      | Reached XP level 4. HP: 27/27 MP: 4/4
  1723 | D:2      | Reached skill level 7 in Stealth
  1995 | D:3      | Noticed Ijyb
  2000 | D:3      | Killed Ijyb
  2001 | D:3      | Reached XP level 5. HP: 31/31 MP: 5/5
  2159 | D:3      | Found a faded altar of an unknown god.
  2444 | D:3      | Found Tilydd's Assorted Antiques.
  2459 | D:3      | Bought a large emerald amulet for 140 gold pieces
  2977 | D:4      | Noticed Grinder
  2981 | D:4      | Killed Grinder
  2982 | D:4      | Reached skill level 9 in Stealth
  2982 | D:4      | Reached XP level 6. HP: 36/36 MP: 6/6
  3030 | D:4      | Reached XP level 7. HP: 41/41 MP: 7/7
  3783 | D:5      | Entered Level 5 of the Dungeon
  3806 | D:5      | Reached skill level 5 in Short Blades
  4190 | D:4      | Reached skill level 1 in Evocations
  4465 | D:5      | Reached skill level 10 in Stealth
  4465 | D:5      | Reached XP level 8. HP: 46/46 MP: 8/8
  4598 | D:6      | Noticed Maggie
  4602 | D:6      | Killed Maggie
  4635 | D:6      | Found a shadowy altar of Dithmenos.
  4635 | D:6      | Found a shimmering blue altar of Sif Muna.
  4646 | D:6      | Became a worshipper of Dithmenos the Shadowed
  5380 | D:6      | Found Retudikh's Book Emporium.
  5614 | D:6      | Found a staircase to the Ecumenical Temple.
  5621 | Temple   | Entered the Ecumenical Temple
  6025 | D:6      | Noticed Pikel
  6086 | D:6      | Killed Pikel
  6087 | D:6      | Reached skill level 5 in Dodging
  6087 | D:6      | Reached skill level 11 in Stealth
  6087 | D:6      | Reached XP level 9. HP: 16/52 MP: 9/9
  6640 | D:6      | Killed from afar by an orc priest

Illustrated notes

Levels and vault maps discovered:
D:1:      lemuel_arrival_lava_pool, layout_rooms
D:2:      layout_basic, st_stairs_8, hangedman_abyss_or_decor_lesser_grid,
          due_unseen_surprise
D:3:      layout_basic, serial_shops, shop,
          dreamdust_ecumenical_altar_hidden_monk_grotto, serial_bayou_pond_a,
          uniq_ijyb
D:4:      layout_rooms, uniq_grinder
D:5:      minmay_general_purpose_star, layout_cave_pools
D:6:      layout_basic, gammafunk_temple_overflow_pools,
          minmay_temple_entry_mist, serial_shops, shop, uniq_maggie, uniq_pikel
D:7:      layout_rooms, minivault_1, serial_bayou_ford_a, uniq_duvessa
Temple:   nicolae_temple_bog_church

Skill      XL: |  1  2  3  4  5  6  7  8 |
---------------+-------------------------+-----
Stealth        | 6 7 9 10 11 | 11.8
Short Blades   | 3 4 5 7 |  7.5
Dodging        | 2 3 5 |  5.1
Fighting       | 3 4 |  4.2
Throwing       | 3 |  3.7
Evocations     | 1 2 |  2.8

Action                   |  1- 3 |  4- 6 |  7- 9 || total
-------------------------+-------+-------+-------++-------
Melee: Dagger            |    78 |    71 |   267 ||   416
       Punch             |       |     1 |     4 ||     5
Throw: Dart              |       |     9 |     6 ||    15
       Stone             |       |       |    16 ||    16
       Boomerang         |       |       |     1 ||     1
Evoke: Wand              |       |       |    19 ||    19
  Use: Scroll            |       |     1 |     4 ||     5
       Potion            |       |       |     5 ||     5
 Stab: Sleeping          |    18 |    26 |    15 ||    59
       Distracted        |       |       |     1 ||     1
Armor: Robe              |    10 |     9 |    48 ||    67
Dodge: Dodged            |    39 |    34 |   183 ||   256
